 Dungeon Crawl Stone Soup version 0.20.1-1-g8b1a95d (webtiles) character file.

3470 b13n1u the Cleaver (level 10, -1/60 HPs)
             Began as a Gargoyle Gladiator on Sept 13, 2017.
             Was a Priest of Makhleb.
             Slain by a polar bear (11 damage)
             ... on level 8 of the Dungeon on Sept 15, 2017.
             The game lasted 01:09:01 (9495 turns).

b13n1u the Cleaver (Gargoyle Gladiator)             Turns: 9495, Time: 01:09:02

Health: -1/60      AC: 22    Str: 19      XL:     10   Next: 6%
Magic:  10/10      EV:  9    Int: 10      God:    Makhleb [***...]
Gold:   209        SH:  0    Dex: 10 (12) Spells: 9/9 levels left

rFire    . . .     SeeInvis .   a - +0 war axe
rCold    + . .     Gourm    .   (no shield)
rNeg     + . .     Faith    .   t - +0 chain mail
rPois    ∞         Spirit   .   o - +2 helmet
rElec    +         Reflect  .   (no cloak)
rCorr    .         Harm     .   (no gloves)
MR       .....                  L - +0 pair of boots
Stlth    ..........             c - amulet of regeneration
Regen    0.6/turn               x - ring of stealth
MPRegen  0.2/turn               E - ring of protection from cold

@: very slightly contaminated
A: negative energy resistance 1, electricity resistance, unbreathing,
petrification resistance, rot immunity, AC +7
a: Minor Destruction, Lesser Servant of Makhleb, Renounce Religion


You were on level 8 of the Dungeon.
You worshipped Makhleb.
Makhleb was most pleased with you.
You were not hungry.

You visited 2 branches of the dungeon, and saw 9 of its levels.

You collected 389 gold pieces.
You spent 180 gold pieces at shops.

Inventory:

Hand Weapons
 a - a +0 war axe (weapon)
 p - a +0 hunting sling
 u - a cursed -3 mace
 I - a +0 hand crossbow
Missiles
 d - 3 throwing nets
 g - 25 poisoned needles (quivered)
 j - 3 needles of confusion
 l - 65 arrows
 n - 81 bolts
Armour
 o - a +2 helmet (worn)
 r - a +0 helmet of see invisible
 t - a +0 chain mail (worn)
 B - a cursed -2 robe
 L - a +0 pair of boots (worn)
Jewellery
 c - an amulet of regeneration (around neck)
 x - a ring of stealth (left hand)
 D - a +4 ring of intelligence
 E - a ring of protection from cold (right hand)
 G - an uncursed ring of wizardry
Wands
 C - a wand of iceblast (6/15)
Scrolls
 b - 3 scrolls of remove curse
 h - a scroll of random uselessness
 m - 2 scrolls of immolation {unknown}
 v - a scroll of amnesia
 y - a scroll of enchant weapon
 J - a scroll of holy word {unknown}
 K - a scroll of magic mapping
 M - 2 scrolls of noise {unknown}
 O - a scroll of recharging {unknown}
Potions
 e - 3 potions of haste
 i - 2 potions of berserk rage {unknown}
 k - a potion of lignification
 q - a potion of heal wounds
 z - a potion of mutation {unknown}
 A - a potion of agility {unknown}
 F - a potion of invisibility
Comestibles
 f - 3 bread rations
 s - 3 royal jellies


   Skills:
 + Level 5.9 Fighting
 + Level 9.8 Axes
 + Level 1.9 Throwing
 + Level 7.6 Armour
 + Level 3.7 Dodging
 + Level 1.3 Stealth


You had 9 spell levels left.
You didn't know any spells.

Dungeon Overview and Level Annotations

Branches:
Dungeon (8/15)             Temple (1/1) D:6
   Lair: D:8-11

Altars:
Cheibriados
Elyvilon
Fedhas
Gozag
Hepliaklqana
Kikubaaqudgha
Makhleb
Nemelex Xobeh
Okawaru
Qazlal
Sif Muna
Trog
Uskayaw
Vehumet
Xom
Yredelemnul
Zin
The Shining One
Lugonu

Shops:
D:6 !


Innate Abilities, Weirdness & Mutations

You are resistant to torment.
Your stone body is resilient. (AC +7)
You are immune to poison.
You resist negative energy. (rN+)
You are resistant to electric shocks. (rElec)
You can survive without breathing.
You are immune to petrification.
You are immune to rotting.


Message History

The polar bear barely misses you.
The polar bear claws you but does no damage.
The polar bear claws you.
* * * LOW HITPOINT WARNING * * *
The polar bear completely misses you.
The polar bear claws you but does no damage.
The polar bear barely misses you.
Blink to where?
Press: ? - help, Dir - move target cursor, p - polar bear You are very lightly contaminated with residual magic.
As you read the scroll of blinking, it crumbles to dust.
The polar bear rages.
The polar bear barely misses you. The polar bear claws you.
* * * LOW HITPOINT WARNING * * *
The polar bear claws you but does no damage.
The polar bear bites you.
* * * LOW HITPOINT WARNING * * *
The polar bear claws you but does no damage. x2
The polar bear bites you!
You die...

#.............#
#.............#
##..........#.##
#..........#..#
##........##..#
##.......##..####
##.......##.##.# .≈#
#....§..##....# #..#
#..§§...##.@..# ..≈+
#...§...##.h.## ...#
#..#.#####...# ..≈ .
##...# ##....####.# .
#########..........#
..
#...#...##.####...####
... ###.##.##.##.#
####...#####..
#_.##.##.##..#
####.(.#.###
####.##.##.###
#.#.....$


You could see a polar bear (berserk).

Vanquished Creatures
  The ghost of Mitsuki the Digger, a novice GrEE of Vehumet (D:5)
  A polar bear (D:8)
  Prince Ribbit (D:7)
  Sigmund (D:6)
  A water moccasin (D:7)
  A phantom (D:5)
  5 ice beasts
  A sky beast (D:7)
  An ogre (D:6)
  2 big kobolds
  2 elf zombies (D:6)
  3 bullfrogs
  2 elf skeletons (D:6)
  A scorpion (D:5)
  2 howler monkeys
  6 electric eels
  A crimson imp (D:5)
  2 jellies
  A quasit (D:8)
  3 hounds
  A gnoll shaman (D:6)
  An orc wizard (D:7)
  A bullfrog skeleton (D:4)
  A human skeleton (D:6)
  An iguana (D:7)
  4 worker ants
  A centaur simulacrum (D:8)
  A bullfrog simulacrum (D:8)
  A hound zombie (D:7)
  A hound skeleton (D:8)
  A worker ant zombie (D:4)
  11 gnolls
  A howler monkey skeleton (D:8)
  8 adders
  4 shadow imps
  2 white imps (D:8)
  A worker ant simulacrum (D:8)
  An ooze (D:4)
  2 adder zombies
  2 adder skeletons
  A worm (D:2)
  5 dart slugs
  4 leopard geckos
  15 orcs
  A ball python (D:5)
  2 bats (D:2)
  4 giant cockroaches
  5 goblins
  5 hobgoblins
  7 jackals
  5 quokkas
  A ball python skeleton (D:4)
  6 frilled lizards
  A jackal skeleton (D:5)
  A jackal zombie (D:7)
  15 kobolds
  An orc skeleton (D:6)
  2 rats
  2 demonic plants (Temple)
  A fungus (D:8)
168 creatures vanquished.

Vanquished Creatures (others)
  4 dart slugs (D:6)
  2 jackals (D:6)
  2 plants (D:8)
8 creatures vanquished.

Grand Total: 176 creatures vanquished

Notes
Turn   | Place    | Note
-------+----------+-------------------------------------------
     0 | D:1      | b13n1u the Gargoyle Gladiator began the quest for the Orb.
     0 | D:1      | Reached XP level 1. HP: 12/12 MP: 1/1
   361 | D:1      | Reached XP level 2. HP: 13/18 MP: 2/2
   639 | D:1      | Reached skill level 3 in Axes
  1028 | D:2      | Found a stormy altar of Qazlal.
  1201 | D:2      | Reached XP level 3. HP: 15/22 MP: 3/3
  1301 | D:2      | Reached skill level 1 in Armour
  1556 | D:2      | Found a white marble altar of Elyvilon.
  1736 | D:3      | Reached XP level 4. HP: 9/27 MP: 4/4
  2434 | D:3      | Reached XP level 5. HP: 31/32 MP: 5/5
  2574 | D:3      | Reached skill level 4 in Axes
  2581 | D:3      | Found a sparkling altar of Nemelex Xobeh.
  3137 | D:4      | Found an ancient bone altar of Kikubaaqudgha.
  3254 | D:4      | Reached XP level 6. HP: 27/36 MP: 6/6
  3651 | D:5      | Entered Level 5 of the Dungeon
  3661 | D:5      | Noticed a cacodemon
  3662 | D:5      | Found a burning altar of Makhleb.
  3670 | D:5      | Found a glowing silver altar of Zin.
  3670 | D:5      | Noticed an angel
  3696 | D:5      | Became a worshipper of Makhleb the Destroyer
  3835 | D:5      | Reached skill level 5 in Axes
  4137 | D:5      | Found a snail-covered altar of Cheibriados.
  4212 | D:5      | Noticed a phantom
  4305 | D:5      | Killed a phantom
  4305 | D:5      | Reached XP level 7. HP: 32/41 MP: 7/7
  4715 | D:5      | Noticed Mitsuki's ghost (novice GrEE)
  4779 | D:5      | Killed Mitsuki's ghost
  4779 | D:5      | Reached skill level 6 in Axes
  4779 | D:5      | Reached XP level 8. HP: 21/48 MP: 8/8
  5631 | D:6      | Reached skill level 7 in Axes
  5631 | D:6      | Reached skill level 5 in Armour
  5692 | D:6      | Reached * piety under Makhleb
  5850 | D:6      | Found Uqyab's Distillery.
  5854 | D:6      | Bought a potion of heal wounds for 50 gold pieces
  5854 | D:6      | Bought a potion of invisibility for 80 gold pieces
  5901 | D:6      | Found a hazy altar of Hepliaklqana.
  5933 | D:6      | Found a staircase to the Ecumenical Temple.
  5943 | D:6      | Noticed Sigmund
  5977 | D:6      | Killed Sigmund
  6162 | Temple   | Entered the Ecumenical Temple
  6311 | D:6      | Found a radiant altar of Vehumet.
  6490 | D:6      | Reached skill level 8 in Axes
  6490 | D:6      | Reached XP level 9. HP: 49/52 MP: 9/9
  6562 | D:6      | Reached skill level 5 in Fighting
  6997 | D:7      | Reached skill level 1 in Stealth
  7038 | D:7      | Noticed Prince Ribbit
  7226 | D:7      | Found a bloodstained altar of Trog.
  7647 | D:7      | Reached ** piety under Makhleb
  8246 | D:7      | Killed Prince Ribbit
  8246 | D:7      | Reached skill level 9 in Axes
  8633 | D:6      | Bought a potion of heal wounds for 50 gold pieces
  8826 | D:8      | Found an iron altar of Okawaru.
  8895 | D:8      | Found a blossoming altar of Fedhas.
  8931 | D:8      | Noticed a polar bear
  8960 | D:8      | Killed a polar bear
  9305 | D:8      | Reached XP level 10. HP: 60/60 MP: 10/10
  9319 | D:8      | Reached *** piety under Makhleb
  9429 | D:8      | Found a white marble altar of Elyvilon.
  9461 | D:8      | Found a glowing silver altar of Zin.
  9495 | D:8      | Slain by a polar bear

Skill      XL: |  1  2  3  4  5  6  7  8  9 |
---------------+----------------------------+-----
Axes           | 3 4 5 6 8 9 |  9.8
Armour         | 1 2 3 4 5 7 |  7.6
Fighting       | 3 4 5 |  5.9
Dodging        | 3 |  3.7
Stealth        | 1 |  1.3
Throwing       | |  1.9

Action                   |  1- 3 |  4- 6 |  7- 9 | 10-12 || total
-------------------------+-------+-------+-------+-------++-------
Melee: War axe           |    95 |   258 |   714 |    59 ||  1126
Throw: Throwing net      |     1 |       |       |       ||     1
  Use: Scroll            |       |    10 |     5 |     1 ||    16
       Potion            |       |     1 |     6 |       ||     7
  Eat: Meat ration       |     1 |     1 |     2 |       ||     4
       Royal jelly       |       |     2 |       |       ||     2
       Fruit             |       |     1 |     3 |       ||     4
       Bread ration      |       |       |     1 |       ||     1
Armor: Leather armour    |    17 |       |       |       ||    17
       Ring mail         |     6 |       |       |       ||     6
       Chain mail        |    35 |   187 |   462 |    82 ||   766
Dodge: Dodged            |    60 |   142 |   304 |    46 ||   552
